 Dungeon Crawl Stone Soup version 0.23.1 (webtiles) character file.

Game seed: 2035723812675366007

1 Stasus the Grave Robber (level 1, -3/14 HPs)
             Began as a Ghoul Necromancer on Mar 14, 2019.
             Killed from afar by a dart slug (6 damage)
             ... with a slug dart
             ... on level 1 of the Dungeon.
             The game lasted 00:03:04 (137 turns).

Stasus the Grave Robber (Ghoul Necromancer)          Turns: 137, Time: 00:03:04

Health: -3/14      AC:  2    Str: 11    XL:     1   Next: 20%
Magic:  2/2        EV: 12    Int: 10    God:
Gold:   0          SH:  0    Dex:  9    Spells: 2/3 levels left

rFire    . . .     SeeInvis .   (no weapon)
rCold    + . .     Gourm    .   (no shield)
rNeg     + + +     Faith    +   a - +0 robe
rPois    ∞         Spirit   .   (no helmet)
rElec    .         Reflect  .   (no cloak)
rCorr    .         Harm     .   (no gloves)
MR       .....                  (no boots)
Stlth    ++........             b - amulet of faith
HPRegen  0.00/turn              (no ring)
MPRegen  0.08/turn              (no ring)

@: rotting
A: rotting body, claws 1, carnivore, cold resistance 1, negative energy
resistance 3, inhibited regeneration, torment resistance, unbreathing
a: no special abilities


You were on level 1 of the Dungeon.
You were not hungry.

You visited 1 branch of the dungeon, and saw 1 of its levels.

Inventory:

Armour
 a - a +0 robe (worn)
Jewellery
 b - an amulet of faith (around neck)
Comestibles
 c - a ration


   Skills:
 + Level 1.7 Dodging
 + Level 2.1 Stealth
 + Level 1.9 Spellcasting
 + Level 4.0 Necromancy


You had 2 spell levels left.
You knew the following spells:

 Your Spells              Type           Power        Failure   Level  Hunger
a - Pain                  Necr           #...         6%          1    ##.....

Your spell library contained the following spells:

 Spells                   Type           Power        Failure   Level  Hunger
 Animate Skeleton         Necr           N/A          6%          1    ##.....
 Vampiric Draining        Necr           #.........   19%         3    ####...
 Regeneration             Chrm/Necr      #.........   38%         3    ####...
 Animate Dead             Necr           N/A          52%         4    #####..


Dungeon Overview and Level Annotations

Branches:
Dungeon (1/15)

Altars:


Innate Abilities, Weirdness & Mutations

Your body is rotting away.
You thrive on raw meat.
You are immune to poison.
You have sharp fingernails.
You are carnivorous and can eat meat at any time.
Your flesh is cold resistant. (rC+)
You are immune to negative energy. (rN+++)
You do not regenerate when monsters are visible.
You are immune to unholy pain and torment.
You can survive without breathing.


Message History

A jackal comes into view.
The jackal barks!
A jackal comes into view.
A jackal comes into view.
Found a wooden ring.
A dart slug comes into view.
The jackal misses you. The jackal barely misses you.
A frilled lizard comes into view.
The dart slug launches a dart at you. The slug dart misses you.
The jackal bites you.
* * * LOW HITPOINT WARNING * * *
The frilled lizard hisses angrily.
The dart slug launches a dart at you. The slug dart misses you.
The frilled lizard enters a dispersal trap!
The jackal blinks!
You blink.
The frilled lizard blinks!
The dart slug launches a dart at you. The slug dart hits you.
You die...

...h. ..# #........
#....##.# ###.###.#
#.#...#.#####.#...#
####
#.>(...............
.....
#..h..###........
.....
#.........#####.#
.....#######..####
#.# ....w.........#
#.# .......@.##.###
#...........h..
#####..§........
#..$..........
#...........##
#=..........#
#...l...§...#
#..........
##########.


You could see a dart slug, a jackal and a frilled lizard.

Vanquished Creatures
  A kobold (D:1)
1 creature vanquished.

Vanquished Creatures (others)
  A kraken (D:1)
  A gargoyle (D:1)
  8 tentacles (D:1)
10 creatures vanquished.

Grand Total: 11 creatures vanquished

Notes
Turn   | Place    | Note
-------+----------+-------------------------------------------
     0 | D:1      | Stasus the Ghoul Necromancer began the quest for the Orb.
     0 | D:1      | Reached XP level 1. HP: 14/14 MP: 2/2
     2 | D:1      | Killed a gargoyle
     3 | D:1      | Noticed a spriggan
     3 | D:1      | Noticed a minotaur
     3 | D:1      | Noticed an elf
     3 | D:1      | Noticed a dwarf
     3 | D:1      | Noticed a naga
     3 | D:1      | Noticed a kraken
     3 | D:1      | Noticed an elf
     3 | D:1      | Noticed a troll
     3 | D:1      | Noticed an elf
     3 | D:1      | Noticed a vine stalker
     3 | D:1      | Noticed a minotaur
     3 | D:1      | Noticed a vine stalker
     9 | D:1      | Killed a kraken
   137 | D:1      | Killed from afar by a dart slug

Action                   || total
-------------------------++-------
Melee: Unarmed           ||     4
Armor: Robe              ||     2
Dodge: Dodged            ||     5
